 Dungeon Crawl Stone Soup version 0.30-a0-808-g6e0788376e (webtiles) character file.

Game seed: 18230291184721866978

126 Demosthentine the Ducker (level 4, 0/35 HPs)
             Began as a Demonspawn Gladiator on Feb 26, 2023.
             Slain by an orc wizard
             ... wielding a +2 dagger of speed
              (5 damage)
             ... on level 2 of the Dungeon.
             The game lasted 00:01:35 (2098 turns).

Demosthentine the Ducker (Demonspawn Gladiator)     Turns: 2098, Time: 00:01:36

Health: 0/35       AC:  6    Str: 15    XL:     4   Next: 83%
Magic:  4/4        EV: 13    Int:  9    God:
Gold:   249        SH:  0    Dex: 16    Spells: 3/3 levels left

rFire   . . .      SeeInvis .    a - +0 trident
rCold   . . .      Faith    .    (no shield)
rNeg    . . .      Spirit   .    b - +0 leather armour
rPois   .          Reflect  .    c - +0 helmet
rElec   .          Harm     .    (no cloak)
rCorr   .          Rampage  .    (no gloves)
Will    .....                    (no boots)
Stlth   +                        (no amulet)
HPRegen 0.25/turn                (no ring)
MPRegen 0.09/turn                (no ring)

@: no status effects
A: yellow scales 1, weakness stinger 1
a: no special abilities


You were on level 2 of the Dungeon.
You visited 1 branch of the dungeon, and saw 4 of its levels.

You collected 249 gold pieces.

Inventory:

Hand Weapons
 a - a +0 trident (weapon)
Missiles
 d - 3 throwing nets (quivered)
 e - a javelin
Armour
 b - a +0 leather armour (worn)
 c - a +0 helmet (worn)
Jewellery
 n - an amulet of magic regeneration
Wands
 h - a wand of digging (5)
Potions
 f - a potion of lignification
 g - a potion of haste {unknown}
 j - a potion of heal wounds {unknown}
 k - 2 potions of curing
 l - 2 potions of magic {unknown}


   Skills:
 + Level 3.0 Fighting
 + Level 3.4 Polearms
 - Level 1.7 Throwing
 + Level 1.8 Armour
 + Level 3.4 Dodging


You had 3 spell levels left.
You didn't know any spells.
Your spell library was empty.

Dungeon Overview and Level Annotations

Branches:
Dungeon (4/15)
 Temple: D:4-7

Altars:


Innate Abilities, Weirdness & Mutations

You are partially covered in yellow scales. (AC +2)
You have a small tail.


Message History

You closely miss the orc wizard.
The orc wizard is heavily wounded.
The orc hits you but does no damage.
The orc wizard hits you but does no damage.
You barely miss the orc wizard. You tail-slap the orc wizard.
The orc wizard is heavily wounded.
The orc wizard mumbles some strange words.
The orc wizard flickers and vanishes!
Deactivating autopickup; reactivate with Ctrl-A.
The orc closely misses you. Something barely misses you.
You miss something.
Your tail-slap misses something.
The orc completely misses you.
You hear some strange, mumbled words.
You are confused.
You completely miss something. The orc closely misses you. Something hits you.
The orc hits you with a +0 hand axe.
* * * LOW HITPOINT WARNING * * *
You bump into the rock wall.
Something hits you.
* * * LOW HITPOINT WARNING * * *
Something hits you but does no damage. The orc barely misses you.
You bump into the rock wall.
Something hits you.
* * * LOW HITPOINT WARNING * * *
The orc barely misses you.
You feel better. Something barely misses you.
You hear some strange, mumbled words.
A puff of flame appears from out of thin air!
The puff of flame hits you.
* * * LOW HITPOINT WARNING * * *
The orc hits you but does no damage.
You closely miss something. Something hits you.
* * * LOW HITPOINT WARNING * * *
The orc misses you.
You barely miss something. You tail-slap something.
You hear some strange, mumbled words.
A magic dart appears from out of thin air!
The magic dart hits you.
* * * LOW HITPOINT WARNING * * *
The orc barely misses you.
You completely miss something. Something hits you.
You die...

#.# ### #.#
##.###)##################
###.#....................>#######
......#.####..####..#####...†....
###...#.......####..#####..#####.
#######.##.............##..#####.
.# #.##.#..####..##.....)..... .#
#.......oo@{..#####...#.##. .#
#.###.#.#####.........#.##. .#
#.###.#.# ########....... .#
#.......# ####### ##.##.#.
.##########.### #.....# #.##.#.
.......##.#.#####.....# #......
.........#............# ####.##
........###.#####.....# #.#
.#######.#..# #.....# #.#


You could see 2 orcs.

Vanquished Creatures
  2 adders (D:2)
  6 gnolls
  2 worms (D:2)
  3 orcs
  4 endoplasms
  A giant cockroach (D:2)
  A goblin (D:2)
  5 hobgoblins
  3 kobolds
  2 quokkas (D:1)
  5 ball pythons
  4 bats
  A frilled lizard (D:1)
  5 rats (D:1)
44 creatures vanquished.

Notes
Turn   | Place    | Note
-------+----------+-------------------------------------------
     0 | D:1      | Demosthentine the Demonspawn Gladiator began the quest for
                  | the Orb.
     0 | D:1      | Reached XP level 1. HP: 16/16 MP: 1/1
   196 | D:1      | Gained mutation: You have a small tail. [demonic ancestry]
   196 | D:1      | Reached XP level 2. HP: 3/22 MP: 2/2
   949 | D:2      | Found a faded altar of an unknown god.
   991 | D:2      | Identified the +1 leather armour "Opoapt" {Fly Int+3 Dex+2}
  1081 | D:2      | Reached skill level 1 in Armour
  1081 | D:2      | Gained mutation: You are partially covered in yellow
                  | scales. (AC +2) [demonic ancestry]
  1081 | D:2      | Reached XP level 3. HP: 24/28 MP: 3/3
  1184 | D:2      | You fall into a shaft and drop 2 floors!
  1376 | D:2      | Reached XP level 4. HP: 26/34 MP: 4/4
  2098 | D:2      | Slain by an orc wizard

Illustrated notes

Levels and vault maps discovered:
D:1:      evilmike_arrival_plus, layout_basic
D:2:      layout_loops_cross, ebering_ecumenical_altar_abandoned,
          nicolae_hexahallways
D:3:      layout_basic, kennysheep_slug_shrine, st_stairs_2
D:4:      layout_rooms, goddamned_bats, uniq_eustachio

Skill      XL: |  1  2  3  4 |
---------------+-------------+-----
Dodging        | 3 |  3.4
Polearms       | 3 |  3.4
Armour         | 1 |  1.8
Fighting       | 3 |  3.0
Throwing       | |  1.7

Action                     |  1- 3 |  4- 6 || total
---------------------------+-------+-------++-------
  Melee: Trident           |   113 |    59 ||   172
         Tailslap          |     7 |     6 ||    13
         Punch             |     1 |       ||     1
    Use: Scroll            |     2 |     2 ||     4
         Potion            |       |     2 ||     2
   Stab: Sleeping          |     3 |     1 ||     4
 Armour: Leather armour    |    38 |    21 ||    59
  Dodge: Dodged            |    59 |    64 ||   123

Table legend: (Time is in decaauts)
 A = Elapsed time spent in this place.
 B = Non-inter-level travel time spent in this place.
 C = Inter-level travel time spent in this place.
 D = Time resting spent in this place.
 E = Time spent auto-exploring this place.
 F = Levels seen in this place.
 G = Mean time per level.
                   A        B        C        D        E       F      G
               +--------+--------+--------+--------+--------+-----+--------+
         Total |   2126 |   2085 |     41 |     75 |   1610 |   4 |  531.5 |
       Dungeon |   2126 |   2085 |     41 |     75 |   1610 |   4 |  531.5 |
               +--------+--------+--------+--------+--------+-----+--------+

Top non-repeatable levels by time:
     D:2: 977 daAuts
     D:1: 944 daAuts
     D:4: 115 daAuts
     D:3: 88 daAuts
